 Dungeon Crawl Stone Soup version 0.27.0-1-g7a089689b8 (webtiles) character file.

Game seed: 15425281163211450203

26 Brandom the Sneak (level 2, 0/14 HPs)
             Began as a Spriggan Fire Elementalist on July 31, 2021.
             Slain by a kobold (5 damage)
             ... on level 2 of the Dungeon.
             The game lasted 00:02:39 (1697 turns).

Brandom the Sneak (Spriggan Fire Elementalist)      Turns: 1697, Time: 00:02:39

Health: 0/14       AC:  2    Str:  4    XL:     2   Next: 89%
Magic:  6/7        EV: 17    Int: 16    God:
Gold:   49         SH:  0    Dex: 15    Spells: 6/7 levels left

rFire    . . .     SeeInvis +   c - +0 dagger
rCold    . . .     Faith    .   (shield restricted)
rNeg     . . .     Spirit   .   a - +0 robe
rPois    .         Reflect  .   (helmet restricted)
rElec    .         Harm     .   (no cloak)
rCorr    .         Rampage  .   (gloves unavailable)
Will     .....                  (boots unavailable)
Stlth    ++........             (no amulet)
HPRegen  0.04/turn              (no ring)
MPRegen  0.10/turn              (no ring)

@: very quick
A: very small, no large weapons, unfitting armour, see invisible, speed 3
a: no special abilities


You were on level 2 of the Dungeon.
You visited 1 branch of the dungeon, and saw 2 of its levels.

You collected 49 gold pieces.

Inventory:

Hand Weapons
 c - a +0 dagger (weapon)
   (You took it off a goblin on level 1 of the Dungeon)
Armour
 a - a +0 robe (worn)
Scrolls
 d - a scroll of torment {unknown}
 e - a scroll of silence {unknown}
 h - 2 scrolls of identify {unknown}
Potions
 b - a potion of lignification {unknown}
 f - 2 potions of curing {unknown}
 g - a potion of might {unknown}
 i - a potion of ambrosia {unknown}


   Skills:
 * Level 0.8 Fighting
 + Level 0.2 Short Blades
 + Level 3.2 Dodging
 + Level 3.3 Stealth
 - Level 3.0 Spellcasting
 - Level 1.0 Conjurations
 + Level 2.5 Fire Magic


You had 6 spell levels left.
You knew the following spells:

 Your Spells              Type           Power      Damage    Failure   Level
a - Foxfire               Conj/Fire      32%        2x1d5     9%          1

Your spell library contained the following spells:

 Spells                   Type           Power      Damage    Failure   Level
 Conjure Flame            Conj/Fire      8%         6-21      26%         3
 Inner Flame              Hex/Fire       6%         N/A       32%         3
 Sticky Flame             Conj/Fire      8%         2d3       65%         4
 Fireball                 Conj/Fire      4%         3d4       94%         5


Dungeon Overview and Level Annotations

Branches:
Dungeon (2/15)

Altars:


Innate Abilities, Weirdness & Mutations

You are very small and have problems with some larger weapons.
You are too small for most types of armour.
You have supernaturally acute eyesight. (SInv)
You cover ground extremely quickly. (Speed+++)


Message History

f - 2 grey potions (gained 1)
You see here a +0 dagger.
You enter the shallow water.
Moving in this stuff is going to be slow.
An endoplasm comes into view.
The endoplasm quivers.
You conjure some foxfire!
The foxfire hits the endoplasm. x2
The endoplasm is engulfed in a cloud of scalding steam.
You kill the endoplasm!
Training target 1.0 for Conjurations reached!
Your Conjurations skill increases to level 1!
Found a scroll labelled GOALASCH QAUPU.
h - 2 scrolls labelled GOALASCH QAUPU (gained 1)
Found a ring mail.
You see here a +0 ring mail.
Done exploring.
Done exploring.
(D) Dungeon
Where to? (? - help)
There is a stone staircase leading down here.
You climb downwards.
Found a stone staircase leading down.
There is a stone staircase leading up here.
A rat and a kobold come into view.
You barely miss the rat.
The kobold shouts!
The rat bites you but does no damage.
You closely miss the rat. The rat misses you.
You hit the kobold but do no damage. The rat bites you.
The kobold closely misses you.
You barely miss the kobold. The rat closely misses you. The kobold misses you.
You hit the kobold. The rat misses you. The kobold completely misses you.
You hit the kobold. The rat closely misses you. The kobold misses you.
You hit the kobold. The rat barely misses you.
The kobold hits you with a +0 short sword.
You closely miss the kobold. The rat barely misses you. The kobold misses you.
You completely miss the kobold. The rat bites you but does no damage.
The kobold closely misses you.
You hit the kobold but do no damage. The rat closely misses you.
The kobold barely misses you.
You hit the kobold but do no damage. The rat bites you.
The kobold hits you but does no damage.
You completely miss the kobold. The rat bites you.
* * * LOW HITPOINT WARNING * * *
The kobold misses you.
You conjure some foxfire!
The rat bites you.
* * * LOW HITPOINT WARNING * * *
The kobold hits you with a +0 short sword.
You die...

#.#.... #.
..#.... #.
####.......
#.###.........#
#..............
#..##.#.....#
#..##.#<....#
#rK#........#
#v@#......#.#
#v.#.....##.#
#.>..........
#.##.....###.
#. ####### #.
#. #. #.


You could see a kobold (ally target) and a rat (ally target).

Vanquished Creatures
  2 dart slugs (D:1)
  2 ball pythons (D:1)
  2 bats (D:1)
  3 endoplasms (D:1)
  2 giant cockroaches (D:1)
  A goblin (D:1)
  3 hobgoblins (D:1)
  A frilled lizard (D:1)
  3 kobolds (D:1)
  A rat (D:1)
20 creatures vanquished.

Vanquished Creatures (others)
  24 foxfires (D:1)
24 creatures vanquished.

Grand Total: 44 creatures vanquished

Notes
Turn   | Place    | Note
-------+----------+-------------------------------------------
     0 | D:1      | Brandom the Spriggan Fire Elementalist began the quest for
                  | the Orb.
     0 | D:1      | Reached XP level 1. HP: 9/9 MP: 5/5
   451 | D:1      | Reached XP level 2. HP: 13/13 MP: 3/6
  1450 | D:1      | Reached skill level 1 in Conjurations
  1697 | D:2      | Slain by a kobold

Illustrated notes

Levels and vault maps discovered:
D:1:      heliophobic_arrival_dark_side_of_the_moon, layout_loops_ring,
          amcnicky_mini_rare_corridor_liquid
D:2:      layout_basic, basic_altar, minmay_circled_x

Skill      XL: |  1  2 |
---------------+-------+-----
Dodging        | 3 |  3.2
Spellcasting   | 3 |  3.0
Conjurations   | 1 |  1.0
Fighting       | |  0.8
Short Blades   | |  0.2
Stealth        | |  3.3
Fire Magic     | |  2.5

Action                   || total
-------------------------++-------
Melee: Dagger            ||    84
 Cast: Foxfire           ||    21
Armor: Robe              ||    11
Dodge: Dodged            ||    69
